 Dungeon Crawl Stone Soup version 0.23.2-30-g0e89c35 (webtiles) character file.

Game seed: 11786857213145072796

9240 staplegun the Nimble (level 11, -2/111 HPs)
             Began as a Troll Fighter on June 22, 2019.
             Was a High Priest of Okawaru.
             Slain by an orc priest
             ... wielding a +0 hand axe
              (5 damage)
             ... on level 11 of the Dungeon.
             The game lasted 00:32:18 (10582 turns).

staplegun the Nimble (Troll Fighter)               Turns: 10582, Time: 00:32:20

Health: -2/111     AC: 11    Str: 26    XL:     11   Next: 20%
Magic:  10/10      EV: 14    Int:  7    God:    Okawaru [*****.]
Gold:   1500       SH:  0    Dex: 12    Spells: 10/10 levels left

rFire    . . .     SeeInvis .   s - +2 executioner's axe (chop)
rCold    . . .     Gourm    +   (shield currently unavailable)
rNeg     + . .     Faith    .   m - +2 robe {rN+}
rPois    .         Spirit   .   v - +1 hat
rElec    .         Reflect  .   d - +1 cloak
rCorr    .         Harm     .   (gloves unavailable)
MR       .....                  (boots unavailable)
Stlth    ++........             (no amulet)
HPRegen  0.68/turn              j - +3 ring of dexterity
MPRegen  0.12/turn              z - ring of stealth

@: no status effects
A: large, unfitting armour, claws 3, fast metabolism 3, gourmand, mutation
resistance 1, regeneration 1, shaggy fur 1, tough skin 3, MP-powered wands
a: Heroism, Finesse, Renounce Religion


You were on level 11 of the Dungeon.
You worshipped Okawaru.
Okawaru was extremely pleased with you.
You were hungry.

You visited 2 branches of the dungeon, and saw 12 of its levels.
You also visited: Sewer, Ossuary and Bailey.

You collected 1670 gold pieces.
You spent 170 gold pieces at shops.

Inventory:

Hand Weapons
 a - a +0 flail
 k - a +2 dagger of electrocution
 s - a +2 executioner's axe of chopping (weapon)
 t - the cursed +1 war axe of Ru's Envy {chop, rPois rF+++ MR- Dex+5}
   (You bought it in a shop on level 4 of the Dungeon)

   It inflicts extra damage upon your enemies.
   It affects your dexterity (+5).
   It renders you almost immune to fire.
   It protects you from poison.
   It affects your resistance to hostile enchantments.
   It has a curse placed upon it.
Armour
 d - a +1 cloak (worn)
 m - a +2 robe of positive energy (worn)
 v - a +1 hat (worn)
Jewellery
 j - a +3 ring of dexterity (left claw)
 w - an uncursed ring of fire
 z - a ring of stealth (right claw)
Wands
 e - a wand of random effects (8)
 u - a wand of acid (9)
 x - a wand of flame (17)
Scrolls
 h - 2 scrolls of noise {unknown}
 i - 4 scrolls of remove curse
 l - 2 scrolls of magic mapping
 n - 3 scrolls of teleportation
 o - 6 scrolls of identify
 q - 3 scrolls of enchant armour
 r - 2 scrolls of amnesia
 A - a scroll of fear
Potions
 b - a potion of berserk rage
 g - 2 potions of mutation
 p - 6 potions of curing
Comestibles
 f - 27 rations


   Skills:
 + Level 8.2 Fighting
 + Level 4.8(6.2) Axes
 - Level 6.6(7.5) Maces & Flails
 + Level 8.2 Dodging
   Level 6.7 Shields


You had 10 spell levels left.
You didn't know any spells.
Your spell library contained the following spells:

 Spells                   Type           Power        Failure   Level  Hunger
 Confusing Touch          Hex            #.....       43%         1    ##.....
 Shock                    Conj/Air       #...         43%         1    ##.....
 Swiftness                Chrm/Air       #.......     56%         2    ###....
 Confuse                  Hex            #.......     80%         3    ####...
 Gell's Gravitas          Tloc           #.........   80%         3    ####...
 Static Discharge         Conj/Air       #.......     80%         3    ####...
 Airstrike                Air            #.........   99%         4    #####..
 Petrify                  Tmut/Erth      #.......     99%         4    #####..
 Lightning Bolt           Conj/Air       #.........   100%        5    ######.
 Metabolic Englaciation   Hex/Ice        #.........   100%        5    ######.
 Yara's Violent Unravell  Hex/Tmut       #.........   100%        5    ######.


Dungeon Overview and Level Annotations

Branches:
Dungeon (11/15)            Temple (1/1) D:6            Lair (0/6) D:11
    Orc (0/2) D:11

Altars:
Ashenzari
Cheibriados
Dithmenos
Elyvilon
Fedhas
Gozag
Kikubaaqudgha
Makhleb
Nemelex Xobeh
Okawaru
Qazlal
Ru
Sif Muna
Uskayaw
Vehumet
Wu Jian
Xom
Yredelemnul
Zin
The Shining One

Shops:
D:4 (


Innate Abilities, Weirdness & Mutations

You are too large for most types of armour.
You have claws for hands.
Your metabolism is lightning-fast.
You like to eat raw meat.
Your natural rate of healing is unusually fast.
You are covered in fur. (AC +1)
You have extremely tough skin. (AC +3)
You are somewhat resistant to further mutation.
You expend magic power (3 MP) to strengthen your wands.


Message History

* * * LOW HITPOINT WARNING * * *
The two-headed ogre barely misses you.
You hit the two-headed ogre.
The two-headed ogre is almost dead.
You barely miss the orc priest. The two-headed ogre barely misses you.
The two-headed ogre hits you with a cursed -1 giant club!
* * * LOW HITPOINT WARNING * * *
The orc priest mumbles some strange prayers to Beogh against you.
Beogh smites you!
* * * LOW HITPOINT WARNING * * *
The orc priest casts a cantrip, but nothing happens.
The orc priest calls down the wrath of Beogh upon you.
You struggle to resist.
You feel much better.
The two-headed ogre hits you with a +0 giant spiked club!
* * * LOW HITPOINT WARNING * * *
The two-headed ogre hits you with a cursed -1 giant club!!
* * * LOW HITPOINT WARNING * * *
The orc priest hits you with a +0 hand axe.
You die...

****,,,,*,,**#################
,,,,,*,,,,,,,,.........<.....#
******,**,,****#..##########.#
*,,*,**,.#####..###### #.#
*,,*,**,........(....# #.#
*,,*,**#####.#..####.#####.#
***,,,,,,.....o.o.# #........#
,,,,**,**#####.#O## #..#######
,,,,,,,,* #.#@# #..#
******,,######)#o# #..# ****
*,,..?...O.o# #.<# ,,,*
*,,######.### #..#
**,***,,,,,,,#.* #..#
*,,,,,,,,,,,..* #..#
****,,,,,,,..#*****#.?#
**,*,*,,...,,,,,,,,,*
****,,*,*,....,,,,,,,,,*


You could see a two-headed ogre, 2 orc priests and an orc.

Vanquished Creatures
  An ugly thing (D:11)
  2 cyclopes (D:9)
  2 centaur zombies
  Joseph (D:9)
  A hippogriff (D:10)
  A vampire (D:10)
  4 hogs (D:6)
  A human (D:7)
  4 orc warriors
  3 ice beasts
  A phantom (D:8)
  4 ogres
  3 centaurs
  An elf zombie (Ossuary)
  6 bullfrogs
  9 gnoll sergeants
  A water moccasin zombie (D:5)
  5 scorpions
  12 wights
  A howler monkey (D:7)
  4 crimson imps
  A bullfrog zombie (D:5)
  A quasit (D:9)
  5 hounds
  13 orc wizards
  7 gnoll shamans
  9 orc priests
  Crazy Yiuf (D:2)
  A bullfrog skeleton (D:5)
  2 centaur skeletons
  4 iguanas
  11 worker ants
  5 big kobold zombies (Ossuary)
  A hound skeleton (D:4)
  2 mummies (Ossuary)
  34 gnolls
  15 adders
  A shadow imp (D:5)
  2 adder zombies
  2 adder skeletons
  3 worms
  2 dart slugs
  11 leopard geckos
  45 orcs
  2 bats
  9 giant cockroaches
  7 goblins
  5 hobgoblins
  12 jackals
  7 kobolds
  6 quokkas
  6 ball pythons
  10 frilled lizards
  A giant cockroach zombie (D:6)
  2 goblin zombies (Ossuary)
  11 hobgoblin zombies (Ossuary)
  A jackal zombie (Ossuary)
  12 kobold zombies (Ossuary)
  4 orc zombies (Ossuary)
  2 quokka skeletons
  6 rats
348 creatures vanquished.

Vanquished Creatures (collateral kills)
  Harold (D:7)
1 creature vanquished.

Vanquished Creatures (others)
  2 hounds (D:4)
  An adder (D:4)
  A leopard gecko (D:4)
  An orc (D:4)
  A giant cockroach (D:4)
6 creatures vanquished.

Grand Total: 355 creatures vanquished

Notes
Turn   | Place    | Note
-------+----------+-------------------------------------------
     0 | D:1      | staplegun the Troll Fighter began the quest for the Orb.
     0 | D:1      | Reached XP level 1. HP: 22/22 MP: 0/0
    97 | D:1      | You fall through a shaft!
   111 | D:2      | Found a runed translucent door.
   112 | D:2      | Noticed Crazy Yiuf
   171 | D:2      | Reached XP level 2. HP: 27/29 MP: 1/1
   377 | D:1      | Reached XP level 3. HP: 35/36 MP: 2/2
   800 | D:2      | Reached XP level 4. HP: 27/44 MP: 3/3
  1028 | D:2      | Killed Crazy Yiuf
  1110 | D:3      | Found a glowing drain.
  1125 | D:3      | Reached XP level 5. HP: 41/53 MP: 4/4
  1174 | Sewer    | Entered a sewer
  1453 | Sewer    | Reached XP level 6. HP: 36/61 MP: 5/5
  2433 | D:4      | Found Haufracw's Antique Weapon Shop.
  2446 | D:4      | Found a shimmering altar of Xom.
  3117 | D:4      | Bought a scorched war axe for 170 gold pieces
  3117 | D:4      | Identified the cursed +1 war axe of Ru's Envy {chop, rPois
                  | rF+++ MR- Dex+5} (You bought it in a shop on level 4 of the
                  | Dungeon)
  3124 | D:5      | Entered Level 5 of the Dungeon
  3138 | D:5      | Reached XP level 7. HP: 56/68 MP: 6/6
  3677 | D:5      | Found an ancient bone altar of Kikubaaqudgha.
  4309 | D:6      | Found a staircase to the Ecumenical Temple.
  4325 | Temple   | Entered the Ecumenical Temple
  4343 | Temple   | Became a worshipper of Warmaster Okawaru
  4397 | D:6      | Reached XP level 8. HP: 61/79 MP: 7/7
  5008 | D:6      | Found a glowing silver altar of Zin.
  5319 | D:7      | Reached skill level 5 in Maces & Flails
  5338 | D:7      | Reached skill level 5 in Fighting
  5338 | D:7      | Reached skill level 5 in Dodging
  5338 | D:7      | Reached skill level 5 in Shields
  5509 | D:7      | Reached * piety under Okawaru
  5541 | D:6      | Reached XP level 9. HP: 46/88 MP: 5/8
  5765 | D:7      | Found a blossoming altar of Fedhas.
  5812 | D:7      | Reached ** piety under Okawaru
  5848 | D:7      | Noticed Harold
  6066 | D:8      | Found a sand-covered staircase.
  6073 | Ossuary  | Entered an ossuary
  6408 | D:8      | Found a white marble altar of Elyvilon.
  6457 | D:8      | Found a flagged portal.
  6492 | Bailey   | Entered a bailey
  6809 | Bailey   | Gained mutation: You expend magic power (3 MP) to
                  | strengthen your wands. [potion of mutation]
  6809 | Bailey   | Gained mutation: You are somewhat resistant to further
                  | mutation. [potion of mutation]
  7426 | D:7      | Reached skill level 1 in Axes
  7429 | D:7      | Reached *** piety under Okawaru
  7484 | D:7      | Killed Harold
  7484 | D:7      | Reached XP level 10. HP: 78/100 MP: 9/9
  7816 | D:8      | Found a sparkling altar of Nemelex Xobeh.
  8126 | D:8      | Found a radiant altar of Vehumet.
  8810 | D:9      | Reached **** piety under Okawaru
  8829 | D:9      | Noticed Joseph
  8873 | D:9      | Killed Joseph
  9181 | D:9      | Noticed a cyclops
  9188 | D:9      | Killed a cyclops
  9188 | D:9      | Reached ***** piety under Okawaru
  9353 | D:9      | Found a radiant altar of Vehumet.
  9390 | D:9      | Noticed a cyclops
  9395 | D:9      | Killed a cyclops
  9577 | D:10     | Entered Level 10 of the Dungeon
  9823 | D:10     | Reached XP level 11. HP: 97/111 MP: 10/10
 10346 | D:11     | Found a staircase to the Orcish Mines.
 10346 | D:11     | Noticed a two-headed ogre
 10553 | D:11     | Noticed a white ugly thing
 10558 | D:11     | Killed a white ugly thing
 10582 | D:11     | HP: 3/111 [two-headed ogre/+0 giant spiked club (28)]
 10582 | D:11     | Slain by an orc priest

Skill      XL: |  1  2  3  4  5  6  7  8  9 10 11 |
---------------+----------------------------------+-----
Maces & Flails | 2 3 4 5 6 |  6.6
Fighting       | 3 4 5 6 7 8 |  8.2
Shields        | 3 4 5 6 |  6.7
Dodging        | 3 4 5 6 7 8 |  8.2
Axes           | 1 4 |  4.8

Action                   |  1- 3 |  4- 6 |  7- 9 | 10-12 || total
-------------------------+-------+-------+-------+-------++-------
Melee: Flail             |    75 |       |       |       ||    75
       Dagger            |    17 |   218 |   638 |       ||   873
       Executioner's axe |       |       |    36 |   288 ||   324
Invok: Heroism           |       |       |     4 |     2 ||     6
Evoke: Wand              |       |       |     4 |       ||     4
       Phantom mirror    |       |       |     1 |       ||     1
  Use: Scroll            |       |     8 |    13 |     2 ||    23
       Potion            |       |     2 |     8 |     4 ||    14
 Stab: Sleeping          |       |     1 |     1 |     5 ||     7
       Invisible         |       |       |     5 |       ||     5
       Held in net/web   |       |       |     1 |       ||     1
  Eat: Chunk             |     9 |    20 |    44 |    23 ||    96
       Ration            |       |       |     1 |       ||     1
Armor: Robe              |    36 |    88 |   169 |   144 ||   437
       Skin              |       |       |       |    45 ||    45
Dodge: Dodged            |    30 |    78 |   257 |   323 ||   688
Block: Shield            |    42 |    97 |   318 |       ||   457
